 Dungeon Crawl Stone Soup version 0.23.2-40-g277498a001 (webtiles) character file.

Game seed: 14323369626062337227

2837 DildoBatman the Conjurer (level 10, -2/94 HPs)
             Began as a Formicid Wizard on Sept 26, 2019.
             Was a Believer of Kikubaaqudgha.
             Slain by a hornet (9 damage)
             ... on level 8 of the Dungeon.
             The game lasted 00:29:27 (6850 turns).

DildoBatman the Conjurer (Formicid Wizard)          Turns: 6850, Time: 00:29:28

Health: -2/94      AC: 26    Str: 17    XL:     10   Next: 3%
Magic:  2/16       EV:  2    Int: 23    God:    Kikubaaqudgha [**....]
Gold:   351        SH:  0    Dex:  5    Spells: 5/17 levels left

rFire    . . .     SeeInvis +   f - +0 dagger (venom)
rCold    . . .     Gourm    .   (no shield)
rNeg     + + +     Faith    +   (armour currently unavailable)
rPois    +         Spirit   .   (helmet unavailable)
rElec    .         Reflect  .   (cloak currently unavailable)
rCorr    .         Harm     .   (gloves currently unavailable)
MR       +....                  (boots currently unavailable)
Stlth    +++.......             T - amulet of faith
HPRegen  0.25/turn              g - ring of Gahirin {Int+2 SInv}
MPRegen  0.15/turn              M - +1 ring of protection

@: mighty, tree-form
A: permanent stasis, dig shafts and tunnels, four strong arms, clumsy 2, wild
magic 1
a: Receive Corpses, Renounce Religion


You were on level 8 of the Dungeon.
You worshipped Kikubaaqudgha.
Kikubaaqudgha was pleased with you.
You were not hungry.
You were a tree.
You visited 2 branches of the dungeon, and saw 9 of its levels.

You collected 351 gold pieces.

Inventory:

Hand Weapons
 a - a +0 hunting sling
 b - a +5 falchion
 c - a +0 blowgun
 e - a +0 trident of piercing
 f - a +0 dagger of venom (weapon)
Missiles
 d - 195 stones
 i - 75 poisoned needles
 j - 32 bolts
 l - 76 arrows
 m - 45 sling bullets
 s - 5 tomahawks (quivered)
Armour
 q - a +0 cloak (melded)
 E - the +3 robe of Clouds (melded) {+Thunder rCloud rElec}
   (You found it on level 5 of the Dungeon)

   It insulates you from electricity.
 F - a scarf of cloud immunity
 K - a +0 robe of cold resistance
 L - a +0 pair of boots (melded)
 U - a +0 shield
Magical Staves
 G - an uncursed staff of cold
Jewellery
 g - the ring of Gahirin (left branch) {Int+2 SInv}
   (You found it on level 4 of the Dungeon)

   [ring of see invisible]

   It affects your intelligence (+2).
   It lets you see invisible.
 h - an uncursed ring of fire
 k - an uncursed ring of ice
 M - a +1 ring of protection (right branch)
 P - an uncursed ring of protection from magic
 S - an uncursed ring of stealth {unknown}
 T - an amulet of faith (around neck)
Wands
 y - a wand of iceblast (7)
Scrolls
 n - a scroll of noise {unknown}
 p - 3 scrolls of amnesia
 w - 2 scrolls of blinking {unknown}
 x - 4 scrolls of remove curse
 z - 3 scrolls of identify
 A - 3 scrolls of enchant armour
 C - 2 scrolls of immolation {unknown}
 J - 2 scrolls of random uselessness {unknown}
 O - a scroll of fog {unknown}
 R - 3 scrolls of enchant weapon
Potions
 o - 2 potions of curing {unknown}
 r - a potion of might
 t - a potion of brilliance {unknown}
 u - 3 potions of lignification
 B - a potion of magic {unknown}
 D - a potion of cancellation {unknown}
 H - a potion of mutation
 N - a potion of agility {unknown}
 Q - a potion of ambrosia {unknown}
Comestibles
 v - 17 rations
 I - 5 chunks of flesh


   Skills:
 - Level 1.7 Dodging
 - Level 6.0 Stealth
 * Level 4.1 Spellcasting
 - Level 6.0 Conjurations
 * Level 0.0 Charms
   Level 1.0 Summonings
 * Level 0.0 Necromancy
   Level 0.8 Translocations
 - Level 5.1 Fire Magic
 - Level 6.0 Air Magic
 - Level 6.0 Poison Magic


You had 5 spell levels left.
You knew the following spells:

 Your Spells              Type           Power        Failure   Level  Hunger
a - Conjure Flame         Conj/Fire      #####...     5%          3    ##.....
c - Magic Dart            Conj           ####         1%          1    None
d - Regeneration          Chrm/Necr      #.........   38%         3    ##.....
e - Mephitic Cloud        Conj/Pois/Air  #####...     4%          3    ##.....
z - Sublimation of Blood  Necr           #.........   22%         2    #......

Your spell library contained the following spells:

 Spells                   Type           Power        Failure   Level  Hunger
 Dazzling Spray           Conj/Hex       ###...       13%         3    ##.....
 Animate Skeleton         Necr           N/A          16%         1    None
 Corona                   Hex            #......      16%         1    None
 Pain                     Necr           #...         16%         1    None
 Call Imp                 Summ           ##......     16%         2    #......
 Ensorcelled Hibernation  Hex/Ice        #.....       22%         2    #......
 Slow                     Hex            #.......     22%         2    #......
 Confuse                  Hex            #.......     38%         3    ##.....
 Tukima's Dance           Hex            #.......     38%         3    ##.....
 Blink                    Tloc           Unusable     N/A         2    N/A

Dungeon Overview and Level Annotations

Branches:
Dungeon (8/15)             Temple (1/1) D:5
   Lair: D:8-11

Altars:
Ashenzari
Cheibriados
Dithmenos
Elyvilon
Fedhas
Gozag
Hepliaklqana
Kikubaaqudgha
Makhleb
Nemelex Xobeh
Qazlal
Ru
Sif Muna
Trog
Uskayaw
Vehumet
Xom
Yredelemnul
Zin
The Shining One


Innate Abilities, Weirdness & Mutations

You cannot be hasted, slowed, berserked, paralysed or teleported.
You can dig through walls and to a lower floor.
Your four strong arms can wield two-handed weapons with a shield.
((You have a pair of large antennae on your head. (SInv)))
You are very clumsy. (Dex -4)
((You are resistant to electric shocks. (rElec)))
Your spells are a little harder to cast, but a little more powerful.


Message History

Your stasis prevents you from being paralysed.
You closely miss the hornet.
You feel sick.
You are no longer poisoned.
The hornet stings you.
It was a potion of mutation.
You feel extremely strange.
You feel clumsy.
You feel less in control of your magic.
You feel clumsy.
You feel insulated.
The hornet stings you but does no damage. x2
You cannot move.
Unknown command.
Okay, then.
It was a potion of might.
You feel very mighty all of a sudden. The hornet stings you!
You die...
Kikubaaqudgha rasps: "You have failed me!
Welcome... death!"

##<..##.<.###.##
##.....(....###.##
#(.÷.....(...y†..#
#............###÷#
(............# #.#
.......<....## #)#
.##...##...## #.#
( ########## #y# (
#♣# ( #.# # ### {


You could see a hornet.

Vanquished Creatures
  A two-headed ogre (D:8)
  A spriggan (D:7)
  A water moccasin (D:6)
  2 orc warriors (D:6)
  3 phantoms
  An ogre (D:7)
  2 centaurs
  A bullfrog (D:8)
  A gnoll sergeant (D:7)
  2 scorpions
  A wyvern skeleton (D:7)
  3 wights (D:7)
  3 crimson imps
  2 orc priests
  A centaur skeleton (D:4)
  2 hounds
  A jelly (D:7)
  9 orc wizards
  An iguana (D:4)
  2 worker ants
  A worker ant zombie (D:3)
  5 gnolls
  A howler monkey skeleton (D:4)
  11 adders
  A shadow imp (D:5)
  5 worms
  3 dart slugs
  4 leopard geckos
  15 orcs
  6 giant cockroaches
  5 goblins
  10 hobgoblins
  6 jackals
  2 quokkas (D:6)
  7 bats
  5 frilled lizards
  9 kobolds
  A leopard gecko skeleton (D:5)
  A quokka skeleton (D:4)
  13 rats
151 creatures vanquished.

Notes
Turn   | Place    | Note
-------+----------+-------------------------------------------
     0 | D:1      | DildoBatman the Formicid Wizard began the quest for the
                  | Orb.
     0 | D:1      | Reached XP level 1. HP: 13/13 MP: 4/4
    47 | D:1      | Reached skill level 1 in Conjurations
   225 | D:1      | Reached XP level 2. HP: 18/19 MP: 4/6
   362 | D:1      | Reached XP level 3. HP: 18/24 MP: 3/7
   367 | D:1      | Learned a level 3 spell: Conjure Flame
   371 | D:1      | Learned a level 3 spell: Mephitic Cloud
   893 | D:2      | Reached XP level 4. HP: 27/30 MP: 2/8
  1230 | D:2      | Found a deep blue altar of Sif Muna.
  1230 | D:2      | Found a glowing silver altar of Zin.
  1331 | D:2      | Reached XP level 5. HP: 35/35 MP: 7/9
  1387 | D:2      | Found a sparkling altar of Nemelex Xobeh.
  1468 | D:3      | Noticed a phantom
  1813 | D:3      | Found a faded altar of an unknown god.
  2033 | D:3      | Found a glowing golden altar of the Shining One.
  2468 | D:4      | Found a snail-covered altar of Cheibriados.
  2679 | D:4      | Got a glittering amber ring
  2680 | D:4      | Identified the ring of Gahirin {Int+2 SInv} (You found it
                  | on level 4 of the Dungeon)
  2838 | D:4      | Reached skill level 5 in Conjurations
  2838 | D:4      | Reached XP level 6. HP: 38/41 MP: 3/10
  3015 | D:4      | Found a shimmering altar of Xom.
  3018 | D:4      | Found a shattered altar of Ashenzari.
  3262 | D:4      | Found a radiant altar of Vehumet.
  3262 | D:4      | Found a burning altar of Makhleb.
  3453 | D:5      | Entered Level 5 of the Dungeon
  3453 | D:5      | Found a basalt altar of Yredelemnul.
  3614 | D:5      | Found a bloodstained altar of Trog.
  3621 | D:5      | Found the +3 robe of Clouds {+Thunder rCloud rElec}
  3789 | D:5      | Reached XP level 7. HP: 46/46 MP: 7/11
  3857 | D:5      | Found a staircase to the Ecumenical Temple.
  3866 | Temple   | Entered the Ecumenical Temple
  3958 | Temple   | Became a worshipper of Kikubaaqudgha
  4154 | D:3      | Reached skill level 1 in Poison Magic
  4232 | D:3      | Reached skill level 1 in Fire Magic
  4232 | D:3      | Reached skill level 1 in Air Magic
  4632 | D:6      | Reached XP level 8. HP: 15/52 MP: 3/12
  5046 | D:6      | Reached skill level 5 in Stealth
  5069 | D:6      | Found a glowing golden altar of the Shining One.
  5215 | D:6      | Found a white marble altar of Elyvilon.
  5567 | D:7      | Found a sparkling altar of Nemelex Xobeh.
  5660 | D:7      | Reached * piety under Kikubaaqudgha
  5660 | D:7      | Identified Kikubaaqudgha's Catalogue of Black Secrets
                  | (Kikubaaqudgha gifted it to you on level 7 of the Dungeon)
  5660 | D:7      | Received a gift from Kikubaaqudgha
  5660 | D:7      | Reached XP level 9. HP: 45/57 MP: 2/14
  5674 | D:7      | Learned a level 3 spell: Regeneration
  5677 | D:7      | Learned a level 2 spell: Sublimation of Blood
  5730 | D:7      | Reached skill level 5 in Poison Magic
  6757 | D:8      | Noticed a hornet
  6757 | D:8      | Noticed a two-headed ogre
  6775 | D:8      | Reached ** piety under Kikubaaqudgha
  6786 | D:8      | Reached skill level 5 in Fire Magic
  6802 | D:8      | Killed a two-headed ogre
  6802 | D:8      | Reached XP level 10. HP: 63/63 MP: 3/16
  6849 | D:8      | Gained mutation: You are clumsy. (Dex -2) [potion of
                  | mutation]
  6849 | D:8      | Gained mutation: Your spells are a little harder to cast,
                  | but a little more powerful. [potion of mutation]
  6849 | D:8      | Gained mutation: You are very clumsy. (Dex -4) [potion of
                  | mutation]
  6849 | D:8      | Gained mutation: You are resistant to electric shocks.
                  | (rElec) [potion of mutation]
  6850 | D:8      | Slain by a hornet

Skill      XL: |  1  2  3  4  5  6  7  8  9 |
---------------+----------------------------+-----
Conjurations   | 1 2 3 4 5 6 |  6.0
Poison Magic   | 2 4 6 |  6.0
Stealth        | 4 5 6 |  6.0
Fire Magic     | 2 3 5 |  5.1
Air Magic      | 1 3 6 |  6.0
Spellcasting   | 4 |  4.1
Dodging        | |  1.7
Summonings     | |  1.0
Translocations | |  0.8

Action                   |  1- 3 |  4- 6 |  7- 9 | 10-12 || total
-------------------------+-------+-------+-------+-------++-------
Melee: Mace              |       |     4 |    40 |       ||    44
       Hunting sling     |       |       |     1 |       ||     1
       Dagger            |       |       |       |     3 ||     3
 Fire: Hunting sling     |    51 |   176 |   209 |     2 ||   438
 Cast: Magic Dart        |    34 |    80 |    63 |       ||   177
       Conjure Flame     |       |     5 |    12 |       ||    17
       Mephitic Cloud    |       |     5 |    23 |     3 ||    31
 Abil: Dig               |     2 |    10 |     7 |     1 ||    20
  Use: Scroll            |       |     5 |       |       ||     5
       Potion            |       |       |       |     3 ||     3
 Stab: Sleeping          |       |       |     1 |       ||     1
  Eat: Chunk             |       |    10 |     9 |     1 ||    20
       Ration            |       |       |     1 |       ||     1
Armor: Robe              |     6 |    18 |    21 |       ||    45
       Skin              |       |       |       |     2 ||     2
Dodge: Dodged            |     7 |    57 |    47 |     2 ||   113
